Map: Lightshade LE

Players

SquidSquad

  • Race: Protoss Protoss
  • League: Bronze
  • Spawn Location: 11:00

ViBE - Winner!

  • Race: Protoss Protoss
  • League: Silver
  • Spawn Location: 5:00

VOD

Have the link to the VOD?

Description

Time

  • Played on: April 6, 2021, 2:05 a.m.
  • Length: 13:36
Show
View Real Time Build Order
Export as new Build Order

SquidSquad Protoss 

Build Orders:  

Get SALT Encoding   

  12  0:03  Probe  
  13  0:15  Probe  
  14  0:27  Probe  
  15  0:31  Pylon  
  15  0:49  Probe  
  16  1:02  Probe  
  16  1:03  Gateway  
  16  1:04  Gateway  
  17  1:05  Assimilator  
  17  1:14  Probe  
  18  1:19  Assimilator  
  18  1:50  Cybernetics Core  
  18  2:00  Assimilator  
  18  2:01  Pylon  
  18  2:13  Probe (Chrono Boost)  
  20  2:22  Probe (Chrono Boost)  
  20  2:25  Warp Gate (Chrono Boost)  
  20  2:27  Stalker x2, Probe (Chrono Boost)  
  24  2:51  Nexus  
  24  2:56  Probe (Chrono Boost)  
  26  3:05  Probe (Chrono Boost)  
  26  3:13  Probe  
  26  3:14  Robotics Facility  
  27  3:25  Probe  
  28  3:36  Shield Battery  
  28  3:37  Probe  
  29  3:50  Probe  
  30  4:07  Robotics Bay  
  30  4:08  Pylon  
  30  4:09  Probe (Chrono Boost)  
  31  4:11  Probe (Chrono Boost)  
  32  4:19  Stalker  
  32  4:20  Probe (Chrono Boost)  
  32  4:21  Stalker, Probe (Chrono Boost)  
  38  4:24  Probe (Chrono Boost)  
  38  4:26  Probe (Chrono Boost)  
  40  4:35  Gateway, Probe  
  40  4:36  Gateway  
  40  4:37  Probe  
  42  4:44  Stalker  
  44  4:49  Stalker  
  46  4:55  Disruptor  
  46  4:58  Probe  
  46  4:59  Probe  
  51  5:08  Adept  
  53  5:14  Assimilator  
  53  5:16  Pylon  
  53  5:19  Assimilator  
  53  5:22  Pylon  
  53  5:39  Stalker x2  
  53  5:40  Stalker x2  
  61  5:46  Disruptor  
  61  5:48  Probe  
  61  5:49  Probe  
  66  5:58  Twilight Council  
  66  6:01  Probe  
  54  6:39  Nexus  
  52  6:41  Stalker x4  
  60  6:55  Disruptor (Chrono Boost)  
  60  6:56  Probe x2 (Chrono Boost)  
  65  7:05  Probe x2 (Chrono Boost)  
  67  7:10  Probe x2 (Chrono Boost)  
  60  7:47  Stargate  
  60  7:48  Stalker x3  
  60  7:49  Stalker, Stargate  
  68  7:52  Pylon  
  68  7:57  Pylon  
  68  7:58  Probe (Chrono Boost)  
  71  7:59  Probe x2 (Chrono Boost)  
  71  8:01  Disruptor (Chrono Boost)  
  74  8:08  Probe x3 (Chrono Boost)  
  74  8:12  Assimilator  
  77  8:13  Probe x2 (Chrono Boost)  
  77  8:17  Assimilator  
  79  8:23  Charge  
  79  8:31  Protoss Air Weapons Level 1, Shield Battery  
  79  8:32  Shield Battery  
  79  8:33  Shield Battery, Void Ray  
  79  8:37  Void Ray  
  79  8:39  Pylon  
  87  8:50  Probe x3  
  87  8:53  Zealot x4  
  98  9:02  Probe x2  
  100  9:03  Probe  
  100  9:07  Pylon  
  100  9:09  Pylon  
  101  9:10  Observer  
  101  9:16  Void Ray  
  101  9:17  Void Ray  
  108  9:28  Pylon  
  105  9:38  Stargate  
  105  9:41  Forge, Zealot x3  
  105  9:42  Zealot  
  105  9:43  Forge  
  113  9:55  Void Ray x2  
  113  10:00  Nexus  
  113  10:01  Fleet Beacon  
  113  10:02  Pylon  
  121  10:11  Protoss Shields Level 1 (Chrono Boost)  
  121  10:13  Protoss Ground Weapons Level 1 (Chrono Boost)  
  121  10:15  Pylon  
  121  10:16  Pylon, Void Ray  
  125  10:33  Void Ray  
  125  10:35  Void Ray  
  133  10:51  Photon Cannon  
  133  10:53  Shield Battery  
  133  10:55  Void Ray  
  133  10:56  Shield Battery  
  133  10:58  Flux Vanes  
  100  11:18  Zealot  
  100  11:19  Zealot x3  
  84  11:35  Void Ray x3 (Chrono Boost)  
  73  11:44  Sentry x4  
  82  12:07  Sentry x2  
  57  12:24  Probe (Chrono Boost)  
  57  12:25  Probe (Chrono Boost)  
  61  12:37  Probe x2 (Chrono Boost)  
  61  12:38  Void Ray x2  
  69  12:45  Probe (Chrono Boost)  
  69  12:46  Probe (Chrono Boost)  
  69  12:51  Probe x2  
  73  13:03  Probe x2  
  75  13:19  Gateway  
  75  13:21  Gateway  
Show
View Real Time Build Order
Export as new Build Order

ViBE Protoss - Winner!

Build Orders: 1 Gate Expand, Archon Immortal 

Get SALT Encoding   

  12  0:00  Probe  
  13  0:12  Probe  
  14  0:23  Pylon  
  14  0:24  Probe  
  15  0:41  Probe (Chrono Boost)  
  16  0:42  Gateway  
  16  0:48  Assimilator  
  16  0:53  Probe (Chrono Boost)  
  17  0:58  Probe (Chrono Boost)  
  18  1:08  Probe  
  19  1:20  Probe  
  20  1:27  Nexus  
  20  1:34  Cybernetics Core  
  20  1:40  Pylon  
  20  1:48  Assimilator, Probe  
  21  2:00  Probe (Chrono Boost)  
  22  2:09  Stalker (Chrono Boost)  
  22  2:10  Probe (Chrono Boost)  
  22  2:12  Warp Gate  
  25  2:15  Probe (Chrono Boost)  
  26  2:27  Probe  
  27  2:30  Shield Battery  
  27  2:39  Probe  
  28  2:44  Stalker  
  28  2:48  Probe  
  31  2:51  Probe  
  32  2:59  Robotics Facility  
  32  3:00  Gateway, Probe (Chrono Boost)  
  34  3:07  Probe (Chrono Boost)  
  34  3:12  Probe (Chrono Boost)  
  35  3:18  Probe x2 (Chrono Boost)  
  35  3:19  Sentry  
  39  3:27  Probe  
  39  3:32  Probe  
  41  3:39  Probe  
  42  3:44  Probe  
  43  3:49  Pylon  
  43  3:52  Pylon, Probe  
  44  3:56  Probe  
  45  4:04  Probe  
  45  4:07  Pylon, Immortal  
  45  4:08  Stalker x2  
  54  4:10  Probe  
  54  4:16  Probe  
  56  4:22  Nexus  
  56  4:23  Probe  
  57  4:25  Pylon  
  57  4:28  Probe  
  58  4:32  Assimilator x2  
  58  4:35  Probe  
  58  4:37  Pylon  
  59  4:39  Stalker  
  59  4:40  Probe  
  59  4:43  Stalker  
  64  4:46  Observer  
  64  4:52  Probe x2  
  67  5:04  Pylon, Probe x2  
  67  5:05  Stalker  
  67  5:06  Stalker  
  73  5:11  Immortal  
  77  5:16  Probe  
  78  5:24  Twilight Council  
  78  5:25  Forge x2  
  78  5:27  Probe  
  79  5:31  Stalker  
  79  5:35  Stalker  
  83  5:37  Probe (Chrono Boost)  
  83  5:38  Probe (Chrono Boost)  
  83  5:42  Probe (Chrono Boost)  
  86  5:48  Pylon, Probe x2 (Chrono Boost)  
  88  5:54  Pylon  
  88  5:55  Protoss Ground Weapons Level 1 (Chrono Boost), Protoss Ground Armor Level 1 (Chrono Boost), Probe  
  88  5:56  Immortal  
  93  5:57  Probe  
  93  5:58  Probe  
  95  6:04  Templar Archives  
  95  6:07  Charge (Chrono Boost)  
  95  6:16  Probe x3  
  88  6:28  Probe x2  
  88  6:30  Nexus  
  85  6:40  Probe x2, Immortal  
  91  6:48  Zealot x2  
  91  6:53  Probe  
  91  6:54  Probe  
  97  6:57  Gateway  
  97  6:58  Gateway  
  97  7:02  Gateway  
  97  7:06  Probe x2  
  99  7:09  Assimilator  
  99  7:13  Assimilator  
  99  7:18  High Templar x2, Probe x2  
  105  7:28  Archon  
  105  7:30  Nexus  
  105  7:33  Pylon  
  97  7:37  Immortal  
  97  7:41  Probe  
  97  7:42  Probe x2  
  104  7:51  Pylon  
  104  7:54  Probe x3  
  104  7:56  High Templar x2  
  104  7:57  High Templar x2  
  115  7:59  Zealot  
  117  8:05  Archon  
  117  8:06  Archon, Probe x3  
  117  8:09  Protoss Ground Weapons Level 2 (Chrono Boost), Protoss Ground Armor Level 2 (Chrono Boost)  
  120  8:18  Gateway  
  121  8:20  Gateway, Probe x3  
  121  8:24  Gateway  
  123  8:28  Immortal  
  123  8:32  Probe x3  
  130  8:40  Nexus  
  130  8:43  Pylon  
  130  8:44  High Templar x2  
  130  8:45  Zealot  
  130  8:46  Pylon  
  130  8:47  Zealot  
  138  8:49  Zealot  
  138  8:50  Archon  
  144  9:03  Assimilator x2  
  144  9:09  Gateway  
  140  9:12  Gateway  
  140  9:16  Gateway  
  140  9:19  Gateway  
  140  9:27  Zealot x8  
  154  9:39  Gateway  
  154  9:41  Gateway  
  152  9:53  Zealot x8  
  152  9:55  Immortal  
  172  10:03  Robotics Facility  
  172  10:05  Pylon  
  172  10:08  Gateway  
  172  10:09  Gateway, High Templar x2  
  172  10:11  Gateway  
  172  10:13  Pylon, Gateway  
  176  10:15  High Templar x2  
  176  10:16  Archon  
  176  10:17  Pylon, High Templar x2  
  176  10:19  Archon  
  184  10:21  Archon  
  184  10:28  Zealot  
  184  10:29  Zealot x4  
  194  10:36  Zealot x3  
  200  10:51  Protoss Ground Weapons Level 3 (Chrono Boost), Protoss Ground Armor Level 3 (Chrono Boost)  
  190  11:12  Zealot x5  
  190  11:17  Gateway  
  190  11:19  Gateway  
  190  11:20  Gateway  
  190  11:23  Gateway  
  170  11:36  Immortal x2  
  170  11:37  Zealot x5  
  170  11:38  Zealot x11  
  198  11:42  High Templar  
  198  11:43  High Templar  
  196  11:49  Photon Cannon  
  196  11:51  Photon Cannon x2  
  196  11:52  Shield Battery  
  196  11:53  Photon Cannon  
  194  11:55  Shield Battery  
  194  11:58  Photon Cannon  
  194  12:00  Photon Cannon x2  
  194  12:01  Shield Battery  
  194  12:02  Photon Cannon  
  194  12:04  Shield Battery  
  194  12:05  Photon Cannon  
  194  12:08  Photon Cannon  
  186  12:10  Shield Battery  
  186  12:12  High Templar x5  
  186  12:13  High Templar  
  182  12:15  High Templar x2  
  182  12:17  High Templar x2  
  182  12:20  Immortal  
  182  12:22  High Templar x2  
  188  12:23  Immortal  
  188  12:30  High Templar x2  
  188  12:32  High Templar x2  
  188  12:34  High Templar x2  
  188  12:36  Zealot  
  190  12:37  Zealot  
  190  12:38  Archon x3  
  190  12:39  Archon x2  
  190  12:40  Zealot  
  190  12:41  Zealot  
  192  12:46  Archon x3  
  192  12:47  Archon x2  
  192  12:51  Zealot x2  
  192  12:52  Zealot x2  
  192  12:57  Assimilator  
  192  12:58  Assimilator  
  200  13:26  Nexus  
  200  13:27  Pylon  
  200  13:28  Pylon x2  
  191  13:33  Pylon  
Tags
 
Composition
Archon Immortal
Matchup
PvP
Player
ViBE
Replay Pack
Platinum_League
Spawn Locations
Cross Positions
Add a new tag
Caveats
  • Supply blocks, unpowered buildings, or Contaminate may cause inaccurate times.
  • Supply counts are checked every 10 seconds.